 Dungeon Crawl Stone Soup version 0.32-a0-576-g706899e69d (webtiles) character file.

Game seed: 16527202914494102645

32 BeKind the Chiller (level 3, -4/21 HPs)
             Began as an Octopode Ice Elementalist on Mar 1, 2024.
             Slain by a ribbon worm (7 damage)
             ... on level 2 of the Dungeon.
             The game lasted 00:01:10 (1119 turns).

BeKind the Chiller (Octopode Ice Elementalist)      Turns: 1119, Time: 00:01:10

Health: -4/21      AC:  1    Str:  7    XL:     3   Next: 25%
Magic:  0/6        EV: 13    Int: 19    God:
Gold:   90         SH:  0    Dex: 12    Spells: 5/6 levels left

rFire   . . .        e - +0 dagger
rCold   . . .        (no shield)
rNeg    . . .        (helmet restricted)
rPois   .            (no amulet)
rElec   .            (no ring)
rCorr   .            (no ring)
SInv    .            (no ring)
Will    .....        (no ring)
Stlth   +++          (no ring)
HPRegen 0.23/turn    (no ring)
MPRegen 0.10/turn    (no ring)
                     (no ring)

%: no passive effects
@: no status effects
A: almost no armour, amphibious, 8 rings, camouflage 1, gelatinous body 1,
(nimble swimmer 1), tentacles
a: no special abilities


You were on level 2 of the Dungeon.
You visited 1 branch of the dungeon, and saw 2 of its levels.

You collected 90 gold pieces.

Inventory:

Hand Weapons
 e - a +0 dagger (weapon)
Scrolls
 b - 2 scrolls of identify {unknown}
 f - a scroll of fog {unknown}
 g - a scroll of teleportation {unknown}
Potions
 a - 2 potions of magic
 c - a potion of heal wounds {unknown}
 d - a potion of curing {unknown}


   Skills:
 + Level 2.5 Dodging
 - Level 3.0 Stealth
 + Level 2.4 Spellcasting
 * Level 4.3 Ice Magic


You had 5 spell levels left.
You knew the following spells:

 Your Spells              Type           Power      Damage    Failure   Level
a - Freeze                Ice            72%        1d8       2%          1

Your spell library contained the following spells:

 Spells                   Type           Power      Damage    Failure   Level
 Frozen Ramparts          Ice            36%        1d6       9%          3
 Ozocubu's Armour         Ice            18%        N/A       9%          3
 Summon Ice Beast         Ice/Summ       10%        N/A       21%         3


Dungeon Overview and Level Annotations

Branches:
Dungeon (2/15)

Altars:

Shops:
D:1 [


Innate Abilities, Weirdness & Mutations

You cannot wear most types of armour.
You are amphibious.
You can wear up to eight rings at the same time.
Your skin changes colour to match your surroundings (Stealth+).
Your rubbery body absorbs attacks. (AC +1, EV +1)
((You are camouflaged when in or above water. (Stealth+)))
You have tentacles for arms and can constrict up to eight enemies at once.


Message History

You are out of magic!
Unknown command.
Casting: Freeze (safe; 2% risk of failure)
Confirm with . or Enter, or press ? or * to list all spells.
You don't have enough magic to cast this spell.
Unknown command.
The web tears apart.
The giant cockroach closely misses you.
Casting: Freeze (safe; 2% risk of failure)
Confirm with . or Enter, or press ? or * to list all spells.
Aiming: Freeze (safe; 2% risk of failure)
Press: ? - help, Shift-Dir - straight line, f - ribbon worm
Aim: a ribbon worm (catching its breath)
You freeze the ribbon worm.
The ribbon worm is moderately wounded.
The ribbon worm closely misses you.
You hit the ribbon worm. You grab the ribbon worm.
The ribbon worm is moderately wounded.
You constrict the ribbon worm. The ribbon worm bites you!
You hit the ribbon worm.
The ribbon worm is heavily wounded.
You constrict the ribbon worm.
The ribbon worm expels a string of sticky webbing.
The stream of webbing hits you but does no damage.
You are caught in a web!
The web tears apart.
You constrict the ribbon worm. You completely miss the ribbon worm.
The ribbon worm is severely wounded.
You constrict the ribbon worm. The ribbon worm bites you.
* * * LOW HITPOINT WARNING * * *
You hit the ribbon worm but do no damage.
The ribbon worm is almost dead.
You constrict the ribbon worm. The ribbon worm bites you.
* * * LOW HITPOINT WARNING * * *
Casting: Freeze (safe; 2% risk of failure)
Confirm with . or Enter, or press ? or * to list all spells.
You don't know that spell.
You release your grip on the ribbon worm.
The ribbon worm attacks as it pursues you!
The ribbon worm bites you!
You die...

. ....##..####
#.## .### ..
###.##.## #.# #
####..#.# #.#
........# #.#
###.....########.#
###.#........$....
.. ###..#######..
#.##.####.#
#......##@#####
#.....†.w.....#
##....)#..###....
.........## ..
##.....### #.....
#..... #.....
#.....


You could see a ribbon worm.

Vanquished Creatures
  A dart slug (D:2)
  A ball python (D:2)
  3 endoplasms
  2 giant cockroaches (D:2)
  4 goblins
  3 hobgoblins
  2 jackals (D:1)
  A quokka (D:2)
  A bat (D:1)
  2 frilled lizards (D:1)
  2 kobolds (D:1)
  4 rats
26 creatures vanquished.

Notes
Turn   | Place    | Note
-------+----------+-------------------------------------------
     0 | D:1      | BeKind the Octopode Ice Elementalist began the quest for
                  | the Orb.
     0 | D:1      | Reached XP level 1. HP: 11/11 MP: 3/3
   170 | D:1      | Reached XP level 2. HP: 17/17 MP: 5/5
   710 | D:1      | Found Etryag's Armour Shoppe.
   977 | D:2      | Reached XP level 3. HP: 20/21 MP: 3/6
  1119 | D:2      | Slain by a ribbon worm

Illustrated notes

Levels and vault maps discovered:
D:1:      minmay_arrival_three_doors, layout_basic, serial_shops, shop
D:2:      layout_rooms

Skill      XL: |  1 |
---------------+----+-----
Stealth        | 3 |  3.0
Dodging        | |  2.5
Spellcasting   | |  2.4
Ice Magic      | |  4.3

Action                     || total
---------------------------++-------
  Melee: Unarmed           ||    18
         Constrict         ||     9
         Tentacles         ||     7
         Dagger            ||    13
   Cast: Freeze            ||    26
   Stab: Sleeping          ||     2
 Armour: Skin              ||    28
  Dodge: Dodged            ||    28

Table legend: (Time is in decaauts)
 A = Elapsed time spent in this place.
 B = Non-inter-level travel time spent in this place.
 C = Inter-level travel time spent in this place.
 D = Time resting spent in this place.
 E = Time spent auto-exploring this place.
 F = Levels seen in this place.
 G = Mean time per level.
                   A        B        C        D        E       F      G
               +--------+--------+--------+--------+--------+-----+--------+
         Total |   1118 |   1070 |     48 |      0 |    907 |   2 |  559.0 |
       Dungeon |   1118 |   1070 |     48 |      0 |    907 |   2 |  559.0 |
               +--------+--------+--------+--------+--------+-----+--------+

Top non-repeatable levels by time:
     D:1: 924 daAuts
     D:2: 193 daAuts
